 Dungeon Crawl Stone Soup version 0.25.1-2-g60ff931df9 (webtiles) character file.

Game seed: 15978490123782933247

4097 Drachen the Fighter (level 9, -1/82 HPs)
             Began as a Demigod Gladiator on Oct 11, 2020.
             Blown up by Maurice (13 damage)
             ... with a disintegration bolt
             ... on level 8 of the Dungeon.
             The game lasted 00:29:52 (7934 turns).

Drachen the Fighter (Demigod Gladiator)             Turns: 7934, Time: 00:29:53

Health: -1/82      AC:  9    Str: 19    XL:     9   Next: 77%
Magic:  15/15      EV: 16    Int: 14    God:
Gold:   432        SH:  0    Dex: 21    Spells: 11/12 levels left

rFire    + . .     SeeInvis .   a - +0 long sword
rCold    . . .     Gourm    .   (no shield)
rNeg     . . .     Faith    .   o - +0 ring mail
rPois    +         Spirit   .   c - +0 helmet
rElec    .         Reflect  .   A - +0 cloak
rCorr    .         Harm     .   (no gloves)
MR       .....                  M - +0 pair of boots
Stlth    +.........             k - amulet of regeneration
HPRegen  0.63/turn              p - ring of protection from fire
MPRegen  0.14/turn              J - ring of poison resistance

@: brilliant, studying Fighting
A: talons 1, clever 1, high mp 1, sense surroundings 1
a: no special abilities


You were on level 8 of the Dungeon.
You were not hungry.

You visited 1 branch of the dungeon, and saw 8 of its levels.

You collected 432 gold pieces.

Inventory:

Hand Weapons
 a - a +0 long sword (weapon)
 n - a +1 dagger of venom
 I - a +1 dagger of venom
Missiles
 d - 4 throwing nets
 y - 6 poisoned darts (quivered)
 E - 8 boomerangs
 N - 8 javelins
Armour
 c - a +0 helmet (worn)
 o - a +0 ring mail (worn)
 u - the +1 leather armour of Going Fast {rC+ rCorr}
   (You found it on level 5 of the Dungeon)

   It protects you from cold.
   It provides partial protection from all sources of acid and corrosion.
 A - a +0 cloak (worn)
 M - a +0 pair of boots (worn)
Jewellery
 h - a +6 ring of intelligence
 k - an amulet of regeneration (around neck)
 p - a ring of protection from fire (left hand)
 w - an uncursed ring of magical power
 B - an uncursed ring of fire
 J - a ring of poison resistance (right hand)
 R - an uncursed ring of positive energy
Wands
 q - a wand of flame (20)
 s - a wand of paralysis (1)
 G - a wand of polymorph (12)
Scrolls
 b - 3 scrolls of amnesia
 e - 4 scrolls of remove curse
 j - 8 scrolls of teleportation
 r - 3 scrolls of blinking
 t - 3 scrolls of identify
 D - 2 scrolls of fog
 H - 4 scrolls of immolation
 K - 2 scrolls of magic mapping
 L - a scroll of enchant armour {unknown}
 O - a scroll of noise {unknown}
Potions
 g - 2 potions of resistance
 i - a potion of brilliance
 l - 3 potions of lignification
 m - a potion of magic
 v - 3 potions of curing
 x - a potion of ambrosia
 z - a potion of mutation
 C - a potion of haste
 Q - 2 potions of flight {unknown}
Books
 F - a manual of Fighting
Comestibles
 f - 12 rations
 P - 2 chunks of flesh


   Skills:
 + Level 8.4 Fighting
 + Level 7.8 Long Blades
 - Level 4.0 Throwing
 - Level 4.0 Armour
 + Level 7.1 Dodging
 - Level 2.0 Spellcasting
 - Level 3.0 Hexes


You had 11 spell levels left.
You knew the following spells:

 Your Spells              Type           Power        Failure   Level  Hunger
a - Corona                Hex            ##.....      12%         1    None

Your spell library contained the following spells:

 Spells                   Type           Power        Failure   Level  Hunger
 Confusing Touch          Hex            ##......     34%         3    None
 Animate Skeleton         Necr           N/A          36%         1    None
 Apportation              Tloc           #.....       36%         1    None
 Summon Small Mammal      Summ           #...         36%         1    None
 Gell's Gravitas          Tloc           #.........   75%         3    None
 Petrify                  Tmut/Erth      #.......     98%         4    None
 Metabolic Englaciation   Hex/Ice        #.........   99%         5    None
 Yara's Violent Unravell  Hex/Tmut       #.........   99%         5    None


Dungeon Overview and Level Annotations

Branches:
Dungeon (8/15)             Temple (0/1) D:7
   Lair: D:8-11

Shops:
D:7 !

Annotations:
D:8 Maurice


Innate Abilities, Weirdness & Mutations

You have an increased reservoir of magic. (+10% MP)
You have sharp toenails.
Your mind is acute. (Int +2)
You passively map a small area around you.


Message History

Maurice looks as sick as possible!
Maurice is moderately wounded.
Maurice zaps a wand.
You are blasted!
* * * LOW HITPOINT WARNING * * *
You are confused.
You feel invigorated.
Maurice shouts, "HAHA!"
Maurice zaps a wand.
You resist with significant effort.
You're too confused to move!
Maurice shoots an arrow.
The arrow misses you.
Maurice zaps a wand.
You are blasted!
* * * LOW HITPOINT WARNING * * *
Press: ? - help, v - describe, . - travel
Here: Maurice, wielding a -1 shortbow, wearing a +2 cloak of magic resistance, quivering 19 arrows and carrying a wand of disintegration (1) (heavily wounded, covering ground quickly, extremely poisoned)
The floor.
It was a potion of brilliance.
You feel clever all of a sudden.
You feel less invigorated.
You feel less confused.
Maurice zaps a wand.
You are blasted!
You die...

###..#..........<. *
*##..^...#.#........
,..........#.#........ ,
..###.....#...#...... , .
......)....##......
####...#..###......
#[############..>####...#..
#(..(.(@(.(##...)###..#....
#..###'###@#....)....####..
#.# #. #.#.......#######.
#.###.###.#...............
#.+.._..'............##...
#.#######...###...#####...
##.# ### #.................
#..#######.....######..#...
#..............# ##........
#..#..........## #..##.#...


You could see Maurice (swift, extremely poisoned).

Vanquished Creatures
  Pikel (D:6)
  Maggie (D:6)
  Grinder (D:6)
  The ghost of doomsgape the Cudgeler, an amateur GrFi (D:4)
  Duvessa (D:5)
  An orc warrior (D:6)
  3 sky beasts
  A slave (D:5)
  2 ogres
  2 phantoms
  A necrophage (D:6)
  A crocodile (D:7)
  3 centaurs
  A bullfrog (D:8)
  2 water moccasin zombies (D:3)
  Dowan (D:5)
  2 scorpions (D:5)
  A howler monkey (D:8)
  2 crimson imps
  6 hounds
  2 jellies
  A quasit (D:7)
  5 orc priests
  A bullfrog skeleton (D:7)
  A gnoll shaman (D:4)
  7 orc wizards
  A centaur skeleton (D:7)
  2 iguanas
  4 worker ants
  Ijyb (D:4)
  2 hound skeletons
  A worker ant zombie (D:3)
  21 gnolls
  8 adders
  A shadow imp (D:6)
  An ooze (D:3)
  An adder zombie (D:3)
  2 adder skeletons
  3 worms
  7 leopard geckos
  34 orcs
  2 ball pythons
  7 giant cockroaches
  8 goblins
  5 hobgoblins
  28 jackals
  7 kobolds
  6 quokkas
  4 bats
  8 frilled lizards
  A jackal skeleton (D:3)
  A quokka skeleton (D:3)
  A quokka zombie (D:3)
  9 rats
227 creatures vanquished.

Vanquished Creatures (others)
  6 plants (D:4)
6 creatures vanquished.

Grand Total: 233 creatures vanquished

Notes
Turn   | Place    | Note
-------+----------+-------------------------------------------
     0 | D:1      | Drachen the Demigod Gladiator began the quest for the Orb.
     0 | D:1      | Reached XP level 1. HP: 17/17 MP: 3/3
   311 | D:1      | Reached XP level 2. HP: 19/24 MP: 4/4
  1118 | D:1      | Reached skill level 1 in Armour
  1474 | D:2      | Noticed a +0 hand axe
  1482 | D:2      | Reached XP level 3. HP: 29/29 MP: 5/5
  1483 | D:2      | Found a hide-covered altar of Uskayaw.
  1484 | D:2      | Noticed a +0 dagger
  2041 | D:3      | Reached XP level 4. HP: 36/36 MP: 6/6
  2271 | D:3      | Reached XP level 5. HP: 33/41 MP: 7/7
  2440 | D:3      | Found a shimmering altar of Xom.
  2441 | D:3      | Found a shimmering altar of Xom.
  2442 | D:3      | Found a shimmering altar of Xom.
  2442 | D:3      | Found a shimmering altar of Xom.
  2443 | D:3      | Found a shimmering altar of Xom.
  2450 | D:3      | Found a shimmering altar of Xom.
  2531 | D:3      | Reached XP level 6. HP: 26/48 MP: 8/8
  3476 | D:4      | Noticed Ijyb
  3490 | D:4      | Killed Ijyb
  3752 | D:4      | Found a transporter.
  3753 | D:4      | Found a transporter.
  3753 | D:4      | Identified the +5 halberd of Duomajee {venom, rN+}
  3833 | D:4      | Reached XP level 7. HP: 47/53 MP: 9/9
  4393 | D:4      | Gained mutation: Your flesh is heat resistant. (rF+)
                  | [potion of mutation]
  4393 | D:4      | Gained mutation: You have supernaturally acute eyesight.
                  | (SInv) [potion of mutation]
  4393 | D:4      | Gained mutation: Your flesh is very heat resistant. (rF++)
                  | [potion of mutation]
  4409 | D:4      | Reached skill level 5 in Dodging
  4421 | D:4      | Reached skill level 5 in Long Blades
  4467 | D:4      | Noticed doomsgape's ghost (amateur GrFi)
  4607 | D:4      | Killed doomsgape's ghost
  4669 | D:5      | Entered Level 5 of the Dungeon
  4834 | D:5      | Reached skill level 2 in Fighting
  4867 | D:5      | Reached XP level 8. HP: 62/62 MP: 10/10
  4976 | D:5      | Lost mutation: Your flesh is very heat resistant. (rF++)
                  | [potion of mutation]
  4976 | D:5      | Lost mutation: Your flesh is heat resistant. (rF+) [potion
                  | of mutation]
  4976 | D:5      | Gained mutation: You are somewhat resistant to further
                  | mutation. [potion of mutation]
  4976 | D:5      | Gained mutation: You do not regenerate when monsters are
                  | visible. [potion of mutation]
  4977 | D:5      | Lost mutation: You are somewhat resistant to further
                  | mutation. [potion of mutation]
  4977 | D:5      | Lost mutation: You have supernaturally acute eyesight.
                  | (SInv) [potion of mutation]
  4977 | D:5      | Lost mutation: You do not regenerate when monsters are
                  | visible. [potion of mutation]
  4977 | D:5      | Gained mutation: You passively map a small area around you.
                  | [potion of mutation]
  4977 | D:5      | Gained mutation: You have sharp toenails. [potion of
                  | mutation]
  4977 | D:5      | Gained mutation: Your mind is acute. (Int +2) [potion of
                  | mutation]
  5003 | D:5      | Got a spiked leather armour
  5014 | D:5      | Identified the +1 leather armour of Going Fast {rC+ rCorr}
                  | (You found it on level 5 of the Dungeon)
  5106 | D:5      | Found a sparkling altar of Nemelex Xobeh.
  5151 | D:5      | Found a blossoming altar of Fedhas.
  5195 | D:5      | Reached skill level 3 in Fighting
  5603 | D:5      | Reached skill level 4 in Fighting
  5710 | D:5      | Noticed Dowan
  5711 | D:5      | Noticed Duvessa
  5739 | D:5      | Killed Dowan
  5741 | D:5      | Killed Duvessa
  5909 | D:6      | Noticed Pikel
  6041 | D:6      | Reached skill level 5 in Fighting
  6091 | D:6      | Killed Pikel
  6091 | D:6      | Reached skill level 6 in Fighting
  6147 | D:6      | Noticed Grinder
  6152 | D:6      | Paralysed by Grinder for 3 turns
  6168 | D:6      | Reached XP level 9. HP: 32/75 MP: 11/11
  6174 | D:6      | Paralysed by Grinder for 7 turns
  6183 | D:6      | Killed Grinder
  6264 | D:6      | Learned a level 1 spell: Corona
  6295 | D:6      | Noticed Maggie
  6326 | D:6      | Killed Maggie
  6326 | D:6      | Reached skill level 7 in Fighting
  6326 | D:6      | Reached skill level 1 in Spellcasting
  6326 | D:6      | Reached skill level 1 in Hexes
  6603 | D:6      | Found a burning altar of Makhleb.
  6898 | D:7      | Found a staircase to the Ecumenical Temple.
  7056 | D:7      | Found Jatseif's Distillery.
  7409 | D:8      | Reached skill level 8 in Fighting
  7632 | D:8      | Found a sacrificial altar of Ru.
  7915 | D:8      | Noticed Maurice
  7934 | D:8      | Blown up by Maurice

Illustrated notes

Levels and vault maps discovered:
D:1:      minmay_arrival_checkered_box, layout_basic, minmay_misc_feat_x
D:2:      layout_rooms, dancing_weapons_uskayaw, minmay_octomino_c4
D:3:      minmay_door_path, layout_basic, serial_undead, serial_undead_f,
          serial_undead_a, serial_undead_e, serial_undead_c, serial_undead_c,
          serial_undead_b, serial_undead_a, serial_undead_f, xom_redecorated
D:4:      layout_loops_ring, gammafunk_ghost_gnarly_gnolls, saegor_snake_ambush,
          uniq_ijyb
D:5:      layout_basic, marbit_many_paths, basic_altar, first_ration,
          uniq_duvessa
D:6:      layout_cave_pools, makhleb_blood_cavern_becter, uniq_grinder,
          uniq_maggie, uniq_pikel
D:7:      layout_loops_ring, minmay_temple_entry_from_below_a, serial_shops,
          nicolae_shop_waterfront
D:8:      layout_rooms, lemuel_doored_altar, uniq_maurice

Skill      XL: |  1  2  3  4  5  6  7  8  9 |
---------------+----------------------------+-----
Throwing       | 2 3 4 |  4.0
Dodging        | 3 4 5 6 7 |  7.1
Long Blades    | 3 4 5 6 7 |  7.8
Armour         | 1 2 3 4 |  4.0
Fighting       | 2 6 8 |  8.4
Spellcasting   | 2 |  2.0
Hexes          | 3 |  3.0

Action                   |  1- 3 |  4- 6 |  7- 9 || total
-------------------------+-------+-------+-------++-------
Melee: Long sword        |    40 |   135 |   351 ||   526
       Dagger            |   106 |   122 |   161 ||   389
       Unarmed           |       |     4 |       ||     4
Throw: Boomerang         |       |     1 |    24 ||    25
       Dart              |       |       |    26 ||    26
       Throwing net      |       |       |     6 ||     6
Evoke: Wand              |       |       |     2 ||     2
  Use: Scroll            |     2 |       |    11 ||    13
       Potion            |       |       |    12 ||    12
 Stab: Paralysed         |       |       |     7 ||     7
       Held in net/web   |       |       |     4 ||     4
  Eat: Chunk             |     4 |     6 |    14 ||    24
Armor: Leather armour    |    11 |       |       ||    11
       Ring mail         |    44 |   104 |   146 ||   294
       Plate armour      |     2 |       |       ||     2
       Skin              |       |       |    54 ||    54
Dodge: Dodged            |   108 |   203 |   356 ||   667
       Rpst.: Long sword |    15 |    33 |    69 ||   117
